 Dungeon Crawl Stone Soup version 0.28-a0-1117-g0bdd5ba030 (webtiles) character file.

Game seed: 8334369487131934395

2330 browni3141 the Tainter (level 9, -13/60 HPs)
             Began as an Octopode Venom Mage on Dec 12, 2021.
             Mangled by a boulder beetle (50 damage)
             ... on level 7 of the Dungeon.
             The game lasted 00:17:42 (11095 turns).

browni3141 the Tainter (Octopode Venom Mage)       Turns: 11095, Time: 00:17:42

Health: -13/60     AC:  5    Str:  7    XL:     9   Next: 42%
Magic:  1/13       EV: 14    Int: 22    God:
Gold:   214        SH:  0    Dex: 12    Spells: 4/14 levels left

rFire   + . .      SeeInvis .   v - +3 flail (drain)
rCold   + . .      Faith    .   (no shield)
rNeg    . . .      Spirit   .   (helmet restricted)
rPois   .          Reflect  .   (no amulet)
rElec   .          Harm     .   d - ring of willpower
rCorr   .          Rampage  .   k - ring of protection from fire
Will    +....                   o - +4 ring of protection
Stlth   ++++......              G - ring of protection from cold
HPRegen 0.20/turn               (no ring)
MPRegen 0.13/turn               (no ring)
                                (no ring)
                                (no ring)

@: no status effects
A: almost no armour, amphibious, 8 rings, camouflage 1, gelatinous body 1,
(nimble swimmer 1), tentacles
a: no special abilities


You were on level 7 of the Dungeon.
You visited 1 branch of the dungeon, and saw 7 of its levels.
You also visited: Sewer.

You collected 322 gold pieces.
You spent 108 gold pieces at shops.

Inventory:

Hand Weapons
 v - a +3 flail of draining (weapon)
 F - the +5 mace of Wimod {vorpal, rC+ Str+2 Int-5}
   (You found it on level 6 of the Dungeon)

   It inflicts extra damage upon your enemies.
   Str:       It affects your strength (+2).
   Int:       It affects your intelligence (-5).
   rC:        It protects you from cold.
Missiles
 c - 4 datura-tipped darts
 e - 2 javelins
 l - a throwing net
 w - 27 poisoned darts
Jewellery
 d - a ring of willpower (left tentacle)
 k - a ring of protection from fire (right tentacle)
 o - a +4 ring of protection (on tentacle)
 G - a ring of protection from cold (on tentacle)
Wands
 y - a wand of flame (7)
Scrolls
 b - a scroll of brand weapon {unknown}
 f - 3 scrolls of identify
 g - a scroll of teleportation
 i - 2 scrolls of vulnerability {unknown}
 m - 3 scrolls of enchant weapon {unknown}
 q - 2 scrolls of immolation {unknown}
 r - a scroll of holy word {unknown}
 x - 2 scrolls of fog {unknown}
 B - a scroll of fear {unknown}
 E - a scroll of blinking {unknown}
Potions
 a - 2 potions of resistance {unknown}
 h - 4 potions of heal wounds {unknown}
 j - 5 potions of flight
 n - 2 potions of curing
 p - 2 potions of lignification
 s - a potion of haste {unknown}
 t - a potion of degeneration {unknown}
 u - a potion of cancellation {unknown}
 z - a potion of magic {unknown}
 A - a potion of might {unknown}
 C - 2 potions of attraction {unknown}
 D - 2 potions of berserk rage {unknown}


   Skills:
 * Level 4.8 Fighting
 * Level 5.4 Dodging
 + Level 5.8 Stealth
 - Level 3.0 Spellcasting
 - Level 2.0 Conjurations
 - Level 1.0 Transmutations
 - Level 2.0 Air Magic
 * Level 10.6 Poison Magic


You had 4 spell levels left.
You knew the following spells:

 Your Spells              Type           Power      Damage    Failure   Level
a - Sting                 Tmut/Pois      100%       1d8       1%          1
b - Poisonous Vapours     Pois/Air       62%        N/A       1%          2
c - Mephitic Cloud        Conj/Pois/Air  24%        N/A       4%          3
d - Olgreb's Toxic Radia  Pois           50%        N/A       1%          4

Your spell library contained the following spells:

 Spells                   Type           Power      Damage    Failure   Level
 Sandblast                Erth           6%         2d5       12%         1
 Passwall                 Tmut/Erth      4%         N/A       16%         2
 Stone Arrow              Conj/Erth      14%        3d7       24%         3
 Portal Projectile        Hex/Tloc       6%         N/A       36%         3
 Tukima's Dance           Hex            3%         N/A       36%         3
 Passage of Golubria      Tloc           3%         N/A       77%         4
 Blade Hands              Tmut           3%         N/A       92%         5
 Yara's Violent Unravell  Hex/Tmut       2%         3d3       95%         5
 Excruciating Wounds      Necr           1%         N/A       98%         5


Dungeon Overview and Level Annotations

Branches:
Dungeon (7/15)             Temple (0/1) D:7           Sewer (visited)

Altars:

Shops:
D:2 :   D:3 !


Innate Abilities, Weirdness & Mutations

You cannot wear most types of armour.
You are amphibious.
You can wear up to eight rings at the same time.
Your skin changes colour to match your surroundings (Stealth+).
Your rubbery body absorbs attacks. (AC +1, EV +1)
((You are camouflaged near water. (Stealth+)))
You have tentacles for arms and can constrict up to eight enemies at once.


Message History

The boulder beetle bites you!
Casting: Olgreb's Toxic Radiance (dangerous; 1% risk of failure)
Confirm with . or Enter, or press ? or * to list all spells.
Aiming: Mephitic Cloud (dangerous; 4% risk of failure)
Press: ? - help, Shift-Dir - straight line The ball explodes into a vile cloud!
The stinking cloud engulfs the boulder beetle but does no damage.
The boulder beetle is heavily wounded.
The boulder beetle is engulfed in noxious fumes.
The boulder beetle closely misses you.
Unknown command.
Unknown command.
You hit the boulder beetle but do no damage.
The boulder beetle is heavily wounded.
The boulder beetle is engulfed in noxious fumes.
The boulder beetle leaps!
The shadow imp gestures at you. Pain shoots through your body!
Unknown command.
Casting: Mephitic Cloud (dangerous; 4% risk of failure)
Confirm with . or Enter, or press ? or * to list all spells.
Aiming: Mephitic Cloud (dangerous; 4% risk of failure)
Press: ? - help, Shift-Dir - straight line The ball explodes into a vile cloud!
The boulder beetle curls into a ball and begins rolling!
The shadow imp laughs crazily.
Unknown command.
Unknown command.
Unknown command.
You hit the shadow imp. Your grab misses the shadow imp.
Your squeeze misses the shadow imp.
The shadow imp is heavily wounded.
The shadow imp gestures at you. Pain shoots through your body!
The boulder beetle is engulfed in noxious fumes.
Unknown command.
The boulder beetle is engulfed in noxious fumes.
You feel better. The shadow imp hits you. The boulder beetle hits you!!!
Ouch! That really hurt!
You die...

#....................
#.........#......#..#
#....................
#.°.○..........[....#
#..○°.....#......#..#
#.○°°................
#...°.......#..#.....
#...B................
#°.5@.....##....####.
#####.######+###.#..####.
#.......# #.#.......
#.......# #.#.#####.
+.....°.# ........
#......5## .......
#######).#######. #######
#....○...... #...#.°.#...


You could see a boulder beetle (rolling, poisoned) and a shadow imp.

Vanquished Creatures
  Grinder (D:6)
  A steam dragon (D:7)
  A hornet zombie (D:6)
  A black bear (D:7)
  An ice beast (D:5)
  A necrophage (D:5)
  An ogre (D:6)
  2 phantoms (D:5)
  Blork the orc (D:6)
  2 kobold brigands (Sewer)
  2 bullfrogs
  A water moccasin skeleton (D:7)
  2 howler monkeys (D:6)
  3 electric eels (D:6)
  A bullfrog zombie (D:6)
  Crazy Yiuf (D:6)
  2 hounds (D:6)
  A jelly (D:4)
  3 bullfrog skeletons
  5 iguanas
  A mummy (D:4)
  A hound skeleton (D:4)
  6 gnolls (D:4)
  16 adders
  3 river rats
  A white imp (D:3)
  2 ufetubi
  3 worms (Sewer)
  6 dart slugs
  7 orcs
  6 bats
  11 endoplasms
  7 giant cockroaches
  13 hobgoblins
  9 jackals
  3 quokkas
  19 ball pythons
  3 frilled lizards
  15 goblins
  9 kobolds
  2 kobold zombies (D:4)
  2 orc zombies (D:4)
  7 rats
185 creatures vanquished.

Vanquished Creatures (others)
  6 plants (D:6)
6 creatures vanquished.

Grand Total: 191 creatures vanquished

Notes
Turn   | Place    | Note
-------+----------+-------------------------------------------
     0 | D:1      | browni3141 the Octopode Venom Mage began the quest for the
                  | Orb.
     0 | D:1      | Reached XP level 1. HP: 11/11 MP: 3/3
   136 | D:1      | Reached skill level 4 in Poison Magic
   191 | D:1      | Reached XP level 2. HP: 17/17 MP: 3/5
   849 | D:1      | Reached skill level 5 in Poison Magic
   849 | D:1      | Reached XP level 3. HP: 21/21 MP: 4/6
  1528 | D:2      | Learned a level 2 spell: Poisonous Vapours
  1532 | D:2      | Learned a level 3 spell: Mephitic Cloud
  1715 | D:2      | Found a faded altar of an unknown god.
  1729 | D:2      | Reached XP level 4. HP: 9/27 MP: 5/7
  2147 | D:2      | Found Rimuq's Book Shop.
  2459 | D:2      | Reached skill level 6 in Poison Magic
  2462 | D:2      | Reached XP level 5. HP: 24/31 MP: 3/8
  3278 | D:3      | Reached skill level 1 in Conjurations
  3278 | D:3      | Reached skill level 1 in Air Magic
  4079 | D:3      | Found Byotu's Distillery.
  4088 | D:3      | Bought a potion of curing for 36 gold pieces
  4088 | D:3      | Bought a potion of lignification for 36 gold pieces
  4088 | D:3      | Bought a potion of flight for 36 gold pieces
  4583 | D:4      | Reached XP level 6. HP: 36/36 MP: 6/10
  4769 | D:4      | Learned a level 4 spell: Olgreb's Toxic Radiance
  4946 | D:4      | Reached skill level 7 in Poison Magic
  5546 | D:4      | Reached XP level 7. HP: 21/41 MP: 7/11
  5817 | D:4      | Reached skill level 8 in Poison Magic
  5992 | D:5      | Entered Level 5 of the Dungeon
  6413 | D:5      | Found a glowing drain.
  6417 | Sewer    | Entered a sewer
  7007 | Sewer    | Reached skill level 1 in Fighting
  7264 | Sewer    | Reached skill level 9 in Poison Magic
  7486 | D:5      | Reached XP level 8. HP: 49/49 MP: 9/12
  8644 | D:6      | Noticed Blork the orc
  8655 | D:6      | Killed Blork the orc
  8989 | D:6      | Noticed Grinder
  9578 | D:6      | Found a runed translucent door.
  9579 | D:6      | Noticed Crazy Yiuf
  9823 | D:6      | Killed Grinder
  9824 | D:6      | Reached skill level 5 in Stealth
  9824 | D:6      | Reached skill level 10 in Poison Magic
  9824 | D:6      | Reached XP level 9. HP: 30/58 MP: 13/13
 10169 | D:6      | Killed Crazy Yiuf
 10260 | D:6      | Reached skill level 5 in Dodging
 10715 | D:6      | Identified the +5 mace of Wimod {vorpal, rC+ Str+2 Int-5}
 11076 | D:7      | Found a staircase to the Ecumenical Temple.
 11077 | D:7      | Noticed a boulder beetle
 11095 | D:7      | Mangled by a boulder beetle

Illustrated notes

Levels and vault maps discovered:
D:1:      evilmike_arrival_fibonacci_small, layout_loops_ring, st_stairs_5,
          grunt_decor_fettered
D:2:      layout_loops_ring, serial_shops, shop_fountains,
          hellmonk_ecumenical_altar_pennies_from_heaven, minmay_divided_ellipse
D:3:      layout_basic, serial_shops, shop, kennysheep_potato
D:4:      layout_loops_ring, minmay_mini_ossuary
D:5:      layout_basic, gup_sewer_entry_spiral
D:6:      wad_lake_hut, layout_loops_ring, minmay_misc_feat_tiny, uniq_grinder,
          uniq_blork_the_orc, uniq_crazy_yiuf_cottage
D:7:      layout_basic, minmay_temple_entry_junction_2, minmay_misc_feat_plants,
          uniq_menkaure

Skill      XL: |  1  2  3  4  5  6  7  8  9 |
---------------+----------------------------+-----
Poison Magic   | 4 5 6 7 9 10 | 10.6
Conjurations   | 1 2 |  2.0
Air Magic      | 1 2 |  2.0
Spellcasting   | 3 |  3.0
Fighting       | 1 4 |  4.8
Stealth        | 3 5 |  5.8
Dodging        | 4 5 |  5.4
Transmutations | |  1.0

Action                   |  1- 3 |  4- 6 |  7- 9 || total
-------------------------+-------+-------+-------++-------
Melee: Unarmed           |    58 |   153 |    28 ||   239
       Constrict         |    14 |    45 |    33 ||    92
       Tentacles         |     7 |    37 |    32 ||    76
       Flail             |       |       |   158 ||   158
 Cast: Sting             |    41 |    66 |    35 ||   142
       Poisonous Vapours |     1 |    22 |    21 ||    44
       Olgreb's Toxic Ra |       |       |     6 ||     6
       Mephitic Cloud    |       |       |     4 ||     4
Evoke: Wand              |       |       |    12 ||    12
  Use: Scroll            |       |       |     2 ||     2
       Potion            |       |       |     2 ||     2
 Stab: Sleeping          |     4 |    12 |    16 ||    32
Armor: Skin              |     9 |    22 |    36 ||    67
Dodge: Dodged            |    42 |   119 |   125 ||   286

Table legend: (Time is in decaauts)
 A = Elapsed time spent in this place.
 B = Non-inter-level travel time spent in this place.
 C = Inter-level travel time spent in this place.
 D = Time resting spent in this place.
 E = Time spent auto-exploring this place.
 F = Levels seen in this place.
 G = Mean time per level.
                   A        B        C        D        E       F      G
               +--------+--------+--------+--------+--------+-----+--------+
         Total |  11153 |  10845 |    308 |    613 |   8400 |   8 | 1394.1 |
       Dungeon |  10137 |   9829 |    308 |    473 |   7779 |   7 | 1448.1 |
         Sewer |   1016 |   1016 |      0 |    140 |    621 |   1 | 1016.0 |
               +--------+--------+--------+--------+--------+-----+--------+

Top non-repeatable levels by time:
     D:6: 2371 daAuts
     D:2: 1982 daAuts
     D:5: 1490 daAuts
     D:4: 1427 daAuts
     D:3: 1391 daAuts
     D:1: 1188 daAuts
   Sewer: 1016 daAuts
     D:7: 285 daAuts
